 Dungeon Crawl Stone Soup version 0.31-a0-1308-ga3cce3a448 (webtiles) character file.

Game seed: 14465363884849438911

146 bmb222 the Sneak (level 5, 0/42 HPs)
             Began as a Demonspawn Delver on Dec 19, 2023.
             Killed from afar by Edmund (5 damage)
             ... with a puff of flame
             ... on level 4 of the Dungeon.
             The game lasted 00:06:13 (3132 turns).

bmb222 the Sneak (Demonspawn Delver)                Turns: 3132, Time: 00:06:13

Health: 0/42       AC:  3    Str: 12    XL:     5   Next: 7%
Magic:  5/5        EV: 17    Int: 10    God:
Gold:   214        SH:  0    Dex: 17    Spells: 4/4 levels left

rFire   . . .        a - +0 short sword
rCold   . . .        (no shield)
rNeg    . . .        b - +0 leather armour
rPois   +            (no helmet)
rElec   .            (no cloak)
rCorr   .            (no gloves)
SInv    .            (no boots)
Will    +....        (no amulet)
Stlth   +++          c - +5 ring of evasion
HPRegen 1.27/turn    o - ring of poison resistance
MPRegen 0.09/turn

%: no passive effects
@: mighty, brilliant, enlightened, flying, hasted, very quick
A: powered by death 1, powered by pain 1
a: no special abilities


You were on level 4 of the Dungeon.
You visited 1 branch of the dungeon, and saw 5 of its levels.

You collected 214 gold pieces.

Inventory:

Hand Weapons
 a - a +0 short sword (weapon)
Armour
 b - a +0 leather armour (worn)
Jewellery
 c - a +5 ring of evasion (left hand)
 l - a ring of fire
 o - a ring of poison resistance (right hand)
 q - a +6 ring of intelligence
Wands
 g - a wand of digging (3)
Scrolls
 d - a scroll of revelation
 k - 2 scrolls of noise
Potions
 h - a potion of might
 i - 2 potions of curing
 j - a potion of lignification {unknown}
 m - a potion of cancellation {unknown}
 n - a potion of magic
 s - a potion of brilliance


   Skills:
 + Level 3.9 Fighting
 + Level 2.8 Short Blades
 + Level 2.8 Dodging
 + Level 5.1 Stealth


You had 4 spell levels left.
You didn't know any spells.
Your spell library was empty.

Dungeon Overview and Level Annotations

Branches:
Dungeon (5/15)
 Temple: D:4-7

Altars:
Qazlal
Wu Jian

Shops:
D:5 (

Annotations:
D:3 3 runed translucent doors, Pokonic1's ghost, amateur DsFE; Robin
D:4 Edmund; Sigmund


Innate Abilities, Weirdness & Mutations

You regenerate a little health from kills.
You sometimes gain a little power by taking damage.


Message History

You hit the white imp.
The white imp is heavily wounded.
The gnoll misses you. The white imp gestures at you.
The puff of frost hits you!
* * * LOW HITPOINT WARNING * * *
You barely miss the white imp.
The white imp is heavily wounded.
You hit the white imp.
The white imp is severely wounded.
The gnoll misses you. The white imp hits you.
* * * LOW HITPOINT WARNING * * *
The white imp freezes you.
* * * LOW HITPOINT WARNING * * *
You closely miss the white imp.
The white imp is severely wounded.
The gnoll misses you.
Unknown command.
The gnoll shouts!
You hit the white imp.
The white imp is almost dead.
You hear a shout! x2
A gnoll comes into view. It is wielding a +0 spear.
The white imp gestures at you. The puff of frost hits you!
* * * LOW HITPOINT WARNING * * *
You hit the white imp.
You kill the white imp!
The gnoll closely misses you.
Unknown command.
You hit Edmund. Your punch misses Edmund.
Edmund is lightly wounded.
Unknown command.
You hit Edmund.
Edmund is lightly wounded.
The gnoll hits you with a +0 whip.
* * * LOW HITPOINT WARNING * * *
Edmund zaps a wand.
The puff of flame hits you.
You die...
Edmund says, "I'd like to see a scythe do that!"

#####
##.#...#..###.....####...
#...#
#.......#..............##
#.#.# #.................(.####
#.#.# #................#....#
#.#.# #..†#....#...g........#
#.#.# ##...............#....#
#.#.# #....##....######)...#
#.#.## #....##@g..# #....#
#.#..####......@(..######.####
#.##..#....#....#...#.....#
#..##...........(...#.#####
##.##.##......).......#
#..#................##
##..####....##......#
##..(...############ ########


You could see Edmund and 2 gnolls.

Vanquished Creatures
  Jessica (D:3)
  An adder (D:2)
  2 gnolls (D:4)
  A white imp (D:4)
  A dart slug (D:2)
  2 orcs (D:3)
  6 ball pythons
  6 endoplasms
  2 giant cockroaches
  17 hobgoblins
  2 jackals (D:4)
  A quokka (D:3)
  3 bats
  17 goblins
  3 kobolds
  5 rats
70 creatures vanquished.

Notes
Turn   | Place    | Note
-------+----------+-------------------------------------------
     0 | D:5      | bmb222 the Demonspawn Delver began the quest for the Orb.
     0 | D:5      | Reached XP level 1. HP: 18/18 MP: 1/1
     6 | D:5      | Found Gaamapaf's Weapon Emporium.
    23 | D:5      | Noticed an ice beast
    65 | D:4      | Noticed a gnoll bouda
   186 | D:4      | Noticed Sigmund
   210 | D:3      | Gained mutation: You sometimes gain a little power by
                  | taking damage. [demonic ancestry]
   210 | D:3      | Reached XP level 2. HP: 10/24 MP: 2/2
   296 | D:3      | Found a stormy altar of Qazlal.
   318 | D:3      | Found a runed translucent gate.
   319 | D:3      | Found a runed translucent gate.
   319 | D:3      | Identified the +5 sling of Lust {antimagic, ^Fragile rElec
                  | rF+ Dex+3}
   320 | D:3      | Found a runed translucent gate.
   321 | D:3      | Noticed Pokonic1's ghost (amateur DsFE)
   347 | D:3      | Noticed Jessica
   371 | D:3      | Killed Jessica
   372 | D:3      | Reached XP level 3. HP: 9/29 MP: 3/3
  1180 | D:1      | Reached XP level 4. HP: 21/35 MP: 4/4
  1837 | D:2      | Reached skill level 5 in Stealth
  2035 | D:2      | Found an ornate altar of the Wu Jian Council.
  2536 | D:3      | Noticed Robin
  2753 | D:5      | Noticed a centaur
  2896 | D:5      | Noticed a centaur
  2922 | D:4      | Noticed Edmund
  3121 | D:4      | Gained mutation: You regenerate a little health from kills.
                  | [demonic ancestry]
  3121 | D:4      | Reached XP level 5. HP: 25/42 MP: 5/5
  3132 | D:4      | Killed from afar by Edmund

Illustrated notes

Levels and vault maps discovered:
D:1:      lemuel_arrival_tunnels, layout_basic, serial_glass, glass_columns_c,
          glass_columns_a
D:2:      cheibrodos_greedy_goblins, layout_loops_ring, basic_altar,
          kennysheep_generic_room_11
D:3:      layout_basic, nicolae_qazlal_general_emergency,
          gammafunk_temple_overflow_pools, biasface_ghost_orc_armoury,
          moated_statue, uniq_robin, uniq_jessica
D:4:      layout_rooms, skrybe_limestone_x, nrook_loot_triangle,
          corexii_checkpoint, uniq_edmund, uniq_sigmund
D:5:      layout_basic, nicolae_dithmenos_shadow_blocks, serial_shops, shop,
          minmay_manual_mares, uniq_prince_ribbit1

Skill      XL: |  1  2  3  4 |
---------------+-------------+-----
Short Blades   | 2 |  2.8
Dodging        | 2 |  2.8
Stealth        | 5 |  5.1
Fighting       | |  3.9

Action                     |  1- 3 |  4- 6 || total
---------------------------+-------+-------++-------
  Melee: Short sword       |   109 |   127 ||   236
         Punch             |       |     1 ||     1
    Use: Scroll            |     2 |     3 ||     5
         Potion            |       |     7 ||     7
   Stab: Sleeping          |     9 |     6 ||    15
         Distracted        |       |     1 ||     1
 Armour: Leather armour    |    39 |    50 ||    89
  Dodge: Dodged            |    58 |   111 ||   169

Table legend: (Time is in decaauts)
 A = Elapsed time spent in this place.
 B = Non-inter-level travel time spent in this place.
 C = Inter-level travel time spent in this place.
 D = Time resting spent in this place.
 E = Time spent auto-exploring this place.
 F = Levels seen in this place.
 G = Mean time per level.
                   A        B        C        D        E       F      G
               +--------+--------+--------+--------+--------+-----+--------+
         Total |   3079 |   2974 |    105 |    471 |   1566 |   5 |  615.8 |
       Dungeon |   3079 |   2974 |    105 |    471 |   1566 |   5 |  615.8 |
               +--------+--------+--------+--------+--------+-----+--------+

Top non-repeatable levels by time:
     D:2: 1101 daAuts
     D:1: 727 daAuts
     D:3: 616 daAuts
     D:4: 400 daAuts
     D:5: 234 daAuts
